 Dungeon Crawl Stone Soup version 0.29.1-1-gd02db6906a (webtiles) character file.

Game seed: 8741967753545277711

41 sanboga the Gusty (level 3, -1/26 HPs)
             Began as a Draconian Air Elementalist on Oct 18, 2022.
             Killed by their own static electricity (2 damage)
             ... on level 1 of the Dungeon.
             The game lasted 00:04:39 (1781 turns).

sanboga the Gusty (Draconian Air Elementalist)      Turns: 1781, Time: 00:04:39

Health: -1/26      AC:  5    Str: 10    XL:     3   Next: 32%
Magic:  3/6        EV: 12    Int: 17    God:
Gold:   45         SH:  0    Dex: 11    Spells: 3/6 levels left

rFire   + . .      SeeInvis .   (no weapon)
rCold   + . .      Faith    .   (no shield)
rNeg    . . .      Spirit   .   (body armour unavailable)
rPois   .          Reflect  .   (helmet restricted)
rElec   .          Harm     .   e - scarf {rC+ rF+}
rCorr   .          Rampage  .   (no gloves)
Will    +....                   (no boots)
Stlth   ++........              (no amulet)
HPRegen 0.08/turn               j - ring of willpower
MPRegen 0.10/turn               (no ring)

@: no status effects
A: AC +5, unfitting armour, cold-blooded
a: no special abilities


You were on level 1 of the Dungeon.
You visited 1 branch of the dungeon, and saw 2 of its levels.

You collected 45 gold pieces.

Inventory:

Armour
 e - a scarf of resistance (worn)
Jewellery
 j - a ring of willpower (left hand)
Scrolls
 d - a scroll of identify {unknown}
 f - a scroll of amnesia {unknown}
Potions
 a - a potion of magic
 b - a potion of lignification {unknown}
 c - a potion of curing {unknown}
 g - a potion of flight {unknown}
 h - a potion of mutation {unknown}
 i - a potion of heal wounds {unknown}


   Skills:
 + Level 2.2 Dodging
 - Level 1.7 Stealth
 + Level 2.3 Spellcasting
 + Level 1.6 Conjurations
 * Level 3.6 Air Magic


You had 3 spell levels left.
You knew the following spells:

 Your Spells              Type           Power      Damage    Failure   Level
a - Shock                 Conj/Air       40%        1d5       6%          1
b - Static Discharge      Conj/Air       10%        3-5/arc   10%         2

Your spell library contained the following spells:

 Spells                   Type           Power      Damage    Failure   Level
 Swiftness                Air            14%        N/A       13%         3
 Airstrike                Air            7%         2d(1-17)  38%         4


Dungeon Overview and Level Annotations

Branches:
Dungeon (2/15)

Altars:


Innate Abilities, Weirdness & Mutations

Your plain brown scales are hard. (AC +5)
You cannot fit into any form of body armour.
You are cold-blooded and may be slowed by cold attacks.


Message History

There is a stone staircase leading down here.
You closely miss the rat. The rat closely misses you.
You hit the rat.
The rat is heavily wounded.
The rat barely misses you.
You hit the rat.
You kill the rat!
You start resting.
HP restored.
There is a stone staircase leading down here.
You climb downwards.
The gnoll hits you with a +0 whip. The gnoll barely misses you.
The gnoll hits you from afar with a +0 spear!
The gnoll hits you with a +0 whip.
There is a stone staircase leading up, spattered with blood here.
Things that are here:
a +0 dagger; a goblin skeleton The gnoll hits you but does no damage.
The gnoll hits you from afar with a +0 spear. x2
* * * LOW HITPOINT WARNING * * *
You climb upwards.
There is a stone staircase leading down here.
Casting: Shock (safe; 6% risk of failure)
Confirm with . or Enter, or press ? or * to list all spells.
Aiming: Shock (safe; 6% risk of failure)
Press: ? - help, Shift-Dir - straight line The zap hits the gnoll.
The gnoll is moderately wounded.
The gnoll hits you with a +0 whip.
* * * LOW HITPOINT WARNING * * *
Casting: Shock (safe; 6% risk of failure)
Confirm with . or Enter, or press ? or * to list all spells.
The gnoll is struck by an arc of lightning.
The gnoll is heavily wounded.
You are struck by an arc of lightning.
* * * LOW HITPOINT WARNING * * *
The gnoll is struck by an arc of lightning.
The gnoll is almost dead.
You are struck by an arc of lightning.
You die...

.......# #.# ##...## ...#.#.# ###
#.###.....## # ...#.#.#
##.###.##.......## ##
...#.#.#####...##.#.........####.
..................'.........'....
..####.#####...##.#.........####.
#.####.######.###.##.......###...
#......##....####.###.....## #.##
#########.......@g# ##...## #.# #
#..#.###### ##'## #.# # #..#.#
####### #.# # #..#.# #.....# #.##
# #....# ##.8.8.######... #
##.### ##...8..#....#### # #.#
##...8.8.#.##.# # ##.##
##........####.# #
#...###.⌠.⌠.###.#.##.####


You could see a gnoll.

Vanquished Creatures
  A gnoll (D:1)
  3 bats (D:1)
  2 endoplasms
  3 giant cockroaches
  3 goblins (D:2)
  3 hobgoblins
  A quokka (D:1)
  A ball python (D:1)
  4 frilled lizards
  5 kobolds
  6 rats
32 creatures vanquished.

Notes
Turn   | Place    | Note
-------+----------+-------------------------------------------
     0 | D:1      | sanboga the Draconian Air Elementalist began the quest for
                  | the Orb.
     0 | D:1      | Reached XP level 1. HP: 14/14 MP: 3/3
   497 | D:1      | Reached XP level 2. HP: 20/20 MP: 5/5
   504 | D:1      | Learned a level 2 spell: Static Discharge
   729 | D:1      | Found a faded altar of an unknown god.
  1313 | D:2      | Reached XP level 3. HP: 25/26 MP: 3/6
  1781 | D:1      | HP: 1/26 [/static electricity (1)]
  1781 | D:1      | Killed from afar by themself

Illustrated notes

Levels and vault maps discovered:
D:1:      ncdulo_halloftheorcs, layout_loops_corners, basic_ecumenical_altar
D:2:      layout_rooms

Skill      XL: |  1  2 |
---------------+-------+-----
Dodging        | 2 |  2.2
Stealth        | |  1.7
Spellcasting   | |  2.3
Conjurations   | |  1.6
Air Magic      | |  3.6

Action                   || total
-------------------------++-------
Melee: Unarmed           ||    58
       Tailslap          ||     9
       Punch             ||     1
 Cast: Shock             ||    36
       Static Discharge  ||     3
  Use: Scroll            ||     1
 Stab: Sleeping          ||     2
Armor: Skin              ||    20
Dodge: Dodged            ||    68
